[Event "EYCC Girls-U14 2019"]
[Site "Bratislava"]
[Date "2019.08.03"]
[Round "2.18"]
[White "Sevcikova, Lucia"]
[Black "Volovich, Julia"]
[Result "1-0"]
[ECO "C10"]
[WhiteElo "1800"]
[BlackElo "1736"]
[Annotator "NA"]
[PlyCount "137"]
[EventDate "2019.08.02"]
[EventType "swiss"]
[EventCountry "SVK"]
[SourceTitle "playchess.com"]
[Source "ChessBase"]
[SourceQuality "1"]
[TimeControl "40/5400+30:1800+30"]

1. e4 e6 2. d4 d5 3. Nd2 dxe4 4. Nxe4 Nd7 5. Nf3 Ngf6 6. Nxf6+ Nxf6 7. Ne5 a6 8. Bg5 Be7 9. Bd3 Nd7 10. Bxe7 Qxe7 11. O-O O-O 12. Qe2 c5 13. Nxd7 Bxd7 14. Qh5 f5 15. dxc5 Qxc5 16. Rad1 Rad8 17. Rfe1 Rfe8 18. Re3 g6 19. Qg5 Bc8 20. Rde1 Qe7 21. Qg3 Qf7 22. Re5 Rd5 23. Bc4 Rxe5 24. Qxe5 Qg7 25. f4 Qxe5 26. fxe5 Rd8 27. Kf2 b5 28. Bb3 Kf7 29. Ke3 Bb7 30. g3 Be4 31. Re2 Ke7 32. Rd2 Bd5 33. Rd4 Bxb3 34. Rxd8 Kxd8 35. axb3 Kd7 36. Kd4 Kc6 37. b4 g5 38. b3 h6 39. c4 Kb6 40. Kd3 Kc6 41. Kd4 Kb6 42. Kd3 a5 43. c5+ Ka6 44. bxa5 Kxa5 45. b4+ Ka6 46. h4 h5 47. Ke2 gxh4 48. gxh4 Kb7 49. Ke3 Kc6 50. Kf3 Kd5 51. Kf4 Kc6 52. Kg5 Kd5 53. Kxh5 f4 54. Kg4 Ke4 55. c6 f3 56. c7 f2 57. c8=Q f1=Q 58. Qxe6 Qf3+ 59. Kg5 Qf4+ 60. Kh5 Qf8 61. Qf6 Qxb4 62. e6 Qd6 63. Kg6 b4 64. e7 Qd7 65. Kf7 b3 66. Qe6+ Qxe6+ 67. Kxe6 b2 68. e8=Q b1=Q 69. Qg6+ {[%emt 0:00:10] Kd5+} 1-0

[Event "EYCC Girls-U14 2019"]
[Site "Bratislava"]
[Date "2019.08.03"]
[Round "2.19"]
[White "Minaeva, Juliana"]
[Black "Nadzamova, Viktoria"]
[Result "0-1"]
[ECO "A45"]
[WhiteElo "1733"]
[BlackElo "1854"]
[Annotator "NA"]
[PlyCount "144"]
[EventDate "2019.08.02"]
[EventType "swiss"]
[EventCountry "SVK"]
[SourceTitle "playchess.com"]
[Source "ChessBase"]
[SourceQuality "1"]
[TimeControl "40/5400+30:1800+30"]

1. d4 Nf6 2. Bf4 e6 3. e3 Be7 4. c3 d5 5. Bd3 b6 6. Nf3 O-O 7. Ne5 c5 8. Nd2 Bb7 9. O-O c4 10. Bc2 b5 11. Bg3 Ne4 12. Nxe4 dxe4 13. Qg4 Qc8 14. Bxe4 f5 15. Bxb7 Qxb7 16. Qf3 Qxf3 17. Nxf3 Nd7 18. b3 Nb6 19. Nd2 Rfc8 20. bxc4 Nxc4 21. Nb3 Ba3 22. Rad1 Nb2 23. Rd2 Rxc3 24. d5 Nc4 25. Rdd1 e5 26. Nd2 Bd6 27. Nxc4 Rxc4 28. f3 f4 29. exf4 exf4 30. Bf2 Rc2 31. Ra1 Bc5 32. Rab1 a6 33. Bxc5 Rxc5 34. Rb4 Rxd5 35. Rxf4 a5 36. h3 Rc8 37. Rf2 g6 38. Re2 Rc7 39. Re8+ Kg7 40. Re2 Rdc5 41. Rfe4 Rc2 42. Kf2 Rxe2+ 43. Rxe2 Kf6 44. g3 Rc5 45. Kg2 Re5 46. Rd2 Ke6 47. Kf2 b4 48. Rd4 Rd5 49. Ke3 Rc5 50. Rd2 Rc3+ 51. Ke4 Rc1 52. Ke3 Rc5 53. Ke4 Re5+ 54. Kf4 Rd5 55. Rc2 Kd6 56. Ke4 Rc5 57. Rb2 Kc6 58. Kd4 Rc3 59. Rf2 Kb5 60. g4 g5 61. Re2 Ka4 62. h4 Rxf3 63. hxg5 Rf4+ 64. Kd3 Rxg4 65. Kc2 Rxg5 66. Kb2 h5 67. Rh2 Kb5 68. a3 bxa3+ 69. Kxa3 Kc4 70. Kb2 Kd3 71. Rh4 Ke3 72. Ka3 Kf3 0-1

[Event "EYCC Girls-U14 2019"]
[Site "Bratislava"]
[Date "2019.08.03"]
[Round "2.20"]
[White "Hrebenshchykova, Yelyzaveta"]
[Black "Mammadova, Aytaj"]
[Result "1-0"]
[ECO "C00"]
[WhiteElo "1955"]
[BlackElo "1416"]
[Annotator "NA"]
[PlyCount "91"]
[EventDate "2019.08.02"]
[EventType "swiss"]
[EventCountry "SVK"]
[SourceTitle "playchess.com"]
[Source "ChessBase"]
[SourceQuality "1"]
[TimeControl "40/5400+30:1800+30"]

1. e4 e6 2. d4 b6 3. Nf3 Bb7 4. Bd3 Nf6 5. Qe2 d6 6. c4 Be7 7. Nc3 Nc6 8. O-O O-O 9. a3 e5 10. d5 Na5 11. Qc2 Bc8 12. b4 Nb7 13. h3 a5 14. Be3 h6 15. c5 dxc5 16. Nxe5 Nd7 17. Nc6 Qe8 18. e5 Nd8 19. Nb5 Nxc6 20. dxc6 Nxe5 21. Nxc7 Qxc6 22. Nxa8 Qxa8 23. Be4 Qa7 24. bxc5 bxc5 25. Rfc1 Nd7 26. Rab1 Qc7 27. Qa4 Nf6 28. Bc6 Qe5 29. Qf4 Qe6 30. Bxc5 Bxc5 31. Rxc5 Rd8 32. Qc7 Rf8 33. Rxa5 Ne8 34. Bxe8 Rxe8 35. Rb8 Kh7 36. Raa8 Bd7 37. Rxe8 Bxe8 38. Kh2 Qe4 39. Rc8 Qe2 40. Qc2+ Qxc2 41. Rxc2 Kg6 42. Rc4 Kf6 43. a4 Ke6 44. Re4+ Kd7 45. a5 Kd8 46. Rxe8+ 1-0

[Event "EYCC Girls-U14 2019"]
[Site "Bratislava"]
[Date "2019.08.04"]
[Round "3.1"]
[White "Yakimova, Mariya"]
[Black "Zhou, Lulu"]
[Result "1/2-1/2"]
[ECO "D02"]
[WhiteElo "2250"]
[BlackElo "1944"]
[Annotator "NA"]
[PlyCount "60"]
[EventDate "2019.08.02"]
[EventType "swiss"]
[EventCountry "SVK"]
[SourceTitle "playchess.com"]
[Source "ChessBase"]
[SourceQuality "1"]
[TimeControl "40/5400+30:1800+30"]

1. d4 d5 2. Nf3 Nf6 3. c4 e6 4. g3 c6 5. Bg2 Be7 6. O-O O-O 7. Qc2 Nbd7 8. Rd1 b6 9. b3 Ba6 10. Bf4 Rc8 11. Nc3 dxc4 12. Nd2 c5 13. Nxc4 cxd4 14. Rxd4 b5 15. Nd6 e5 16. Nxc8 Qxc8 17. Rd2 exf4 18. gxf4 Bb4 19. Nd5 Nxd5 20. Qxc8 Rxc8 21. Rxd5 Nf6 22. Rdd1 Ba5 23. Rac1 Re8 24. Rc6 Bb7 25. Rxf6 gxf6 26. Bxb7 Rxe2 27. a4 bxa4 28. bxa4 Bb6 29. Rf1 Ra2 30. Bc6 Kg7 1/2-1/2

[Event "EYCC Girls-U14 2019"]
[Site "Bratislava"]
[Date "2019.08.04"]
[Round "3.2"]
[White "Wikar, Martyna"]
[Black "Tarasenka, Aliaksandra"]
[Result "1-0"]
[ECO "B40"]
[WhiteElo "2020"]
[BlackElo "2231"]
[Annotator "NA"]
[PlyCount "111"]
[EventDate "2019.08.02"]
[EventType "swiss"]
[EventCountry "SVK"]
[SourceTitle "playchess.com"]
[Source "ChessBase"]
[SourceQuality "1"]
[TimeControl "40/5400+30:1800+30"]

1. e4 c5 2. Nf3 e6 3. d4 cxd4 4. Nxd4 Nf6 5. Nc3 Bb4 6. e5 Nd5 7. Bd2 Nxc3 8. bxc3 Be7 9. Qg4 g6 10. Bd3 d5 11. exd6 Bxd6 12. Nb5 Be5 13. Bf4 Nc6 14. O-O O-O 15. Rad1 Qe7 16. Bxe5 Nxe5 17. Qb4 Nc6 18. Qxe7 Nxe7 19. Nc7 Rb8 20. Be4 b6 21. Rfe1 Bb7 22. Rd7 Bxe4 23. Rxe4 Rfd8 24. Red4 Nc6 25. Rxd8+ Rxd8 26. Rxd8+ Nxd8 27. Kf1 Kf8 28. Ke2 Ke7 29. Kd3 Kd7 30. Nb5 a6 31. Na3 Kc6 32. Kd4 f6 33. f4 h5 34. Nc4 Nf7 35. g3 Nh6 36. Nd2 Nf5+ 37. Kd3 Nd6 38. Kd4 Kb5 39. c4+ Kb4 40. Nb1 Nf5+ 41. Kd3 Nd6 42. Kd4 Nf5+ 43. Kd3 h4 44. c3+ Ka4 45. gxh4 Nxh4 46. c5 bxc5 47. Kc4 Ng2 48. Kxc5 Nxf4 49. Kd6 e5 50. c4 e4 51. c5 e3 52. c6 Kb4 53. c7 e2 54. c8=Q e1=Q 55. Qc5+ Ka4 56. Nc3+ 1-0

[Event "EYCC Girls-U14 2019"]
[Site "Bratislava"]
[Date "2019.08.04"]
[Round "3.3"]
[White "Sovina, Maria"]
[Black "Nur-Mukhametova, Alisa"]
[Result "1/2-1/2"]
[ECO "A61"]
[WhiteElo "1757"]
[BlackElo "2126"]
[Annotator "NA"]
[PlyCount "68"]
[EventDate "2019.08.02"]
[EventType "swiss"]
[EventCountry "SVK"]
[SourceTitle "playchess.com"]
[Source "ChessBase"]
[SourceQuality "1"]
[TimeControl "40/5400+30:1800+30"]

1. d4 e6 2. c4 c5 3. d5 exd5 4. cxd5 d6 5. Nc3 g6 6. Nf3 Nf6 7. Nd2 Bg7 8. Nc4 O-O 9. Bf4 Ne8 10. Qd2 Nd7 11. Nxd6 Nxd6 12. Bxd6 Re8 13. e3 a6 14. a4 c4 15. Bg3 Nb6 16. d6 Be6 17. Be2 Nd7 18. O-O Nc5 19. Rad1 Qd7 20. Bf3 Rac8 21. Qc2 Nd3 22. Be4 b5 23. axb5 axb5 24. Bxd3 cxd3 25. Qxd3 Bc4 26. Qd2 Bxf1 27. Kxf1 Bxc3 28. bxc3 Ra8 29. Qd5 Kg7 30. Rb1 Rab8 31. Ra1 f6 32. e4 Rb7 33. e5 Qf7 34. exf6+ Kg8 {[%emt 0:00:14] Ke1} 1/2-1/2

[Event "EYCC Girls-U14 2019"]
[Site "Bratislava"]
[Date "2019.08.04"]
[Round "3.4"]
[White "Allahverdiyeva, Ayan"]
[Black "Sevcikova, Lucia"]
[Result "1-0"]
[ECO "B06"]
[WhiteElo "2114"]
[BlackElo "1800"]
[Annotator "NA"]
[PlyCount "155"]
[EventDate "2019.08.02"]
[EventType "swiss"]
[EventCountry "SVK"]
[SourceTitle "playchess.com"]
[Source "ChessBase"]
[SourceQuality "1"]
[TimeControl "40/5400+30:1800+30"]

1. e4 g6 2. d4 Bg7 3. Nc3 d5 4. e5 f6 5. f4 Nh6 6. Nf3 O-O 7. Be2 Bg4 8. O-O c6 9. Na4 Nd7 10. c4 Bxf3 11. Bxf3 e6 12. cxd5 cxd5 13. Be3 Nf5 14. Bf2 b5 15. Nc3 a6 16. g4 Ne7 17. Bh4 Nb6 18. Qe1 Qd7 19. Rd1 Nc6 20. f5 fxe5 21. dxe5 gxf5 22. gxf5 Rxf5 23. Ne4 Nxe5 24. Bg2 Rxf1+ 25. Qxf1 Rf8 26. Qe2 h6 27. Nf6+ Bxf6 28. Bxf6 Rxf6 29. Qxe5 Qd8 30. Rc1 Nc4 31. Qg3+ Kf7 32. b3 Qb6+ 33. Kh1 Nd6 34. Bf3 Kf8 35. Bh5 b4 36. Rg1 Nf7 37. Qg7+ Ke7 38. Bxf7 Rxf7 39. Qxh6 Qf2 40. Qg5+ Qf6 41. Qd2 Qf3+ 42. Rg2 Qe4 43. Qc1 Kd7 44. Kg1 Qd4+ 45. Kh1 Qc3 46. Qg1 d4 47. Qd1 Qe3 48. Rg3 Qe4+ 49. Kg1 Qf4 50. Qe2 Qc1+ 51. Kg2 Qc6+ 52. Kg1 e5 53. h4 e4 54. Rg8 Qc5 55. Qxe4 Qc1+ 56. Kh2 Qf4+ 57. Qxf4 Rxf4 58. Kg3 Re4 59. Rg4 Re2 60. Rxd4+ Ke6 61. Rxb4 Rxa2 62. Ra4 Rb2 63. Rxa6+ Kf7 64. Rb6 Kg7 65. h5 Rb1 66. Kf4 Rf1+ 67. Ke5 Rh1 68. h6+ Kh7 69. b4 Rh5+ 70. Kd4 Rh4+ 71. Kc5 Rh5+ 72. Kc4 Rh4+ 73. Kb5 Rh5+ 74. Ka6 Rh1 75. Rc6 Ra1+ 76. Kb6 Rb1 77. b5 Ra1 78. Kb7 1-0

[Event "EYCC Girls-U14 2019"]
[Site "Bratislava"]
[Date "2019.08.04"]
[Round "3.5"]
[White "Nadzamova, Viktoria"]
[Black "Roebers, Eline"]
[Result "1/2-1/2"]
[ECO "B48"]
[WhiteElo "1854"]
[BlackElo "2069"]
[Annotator "NA"]
[PlyCount "146"]
[EventDate "2019.08.02"]
[EventType "swiss"]
[EventCountry "SVK"]
[SourceTitle "playchess.com"]
[Source "ChessBase"]
[SourceQuality "1"]
[TimeControl "40/5400+30:1800+30"]

1. e4 c5 2. Nf3 e6 3. d4 cxd4 4. Nxd4 Nc6 5. Nc3 Qc7 6. Be3 a6 7. a3 Nf6 8. Be2 Be7 9. f4 e5 10. Nxc6 bxc6 11. fxe5 Qxe5 12. Bd4 Qe6 13. e5 c5 14. exf6 cxd4 15. fxg7 Rg8 16. Qxd4 Bf6 17. Qd3 Rxg7 18. Nd5 Be5 19. O-O-O Rb8 20. b4 Bb7 21. Bf3 Kf8 22. Rhe1 d6 23. Nc7 Qa2 24. Bxb7 Bf4+ 25. Re3 Qa1+ 26. Kd2 Qe5 27. Bf3 d5 28. Nxd5 Rd8 29. Nxf4 Rxd3+ 30. Nxd3 Qxh2 31. Nc5 Rg6 32. Kc3 Rd6 33. Rxd6 Qxd6 34. Rd3 Qe5+ 35. Kb3 Kg7 36. Ka4 Qb2 37. Bd1 Qf6 38. Rg3+ Kh8 39. Kb3 Qf4 40. Rd3 Qf6 41. Bf3 Qb6 42. Nd7 Qe6+ 43. c4 Kg7 44. a4 Qe1 45. c5 Qb1+ 46. Kc3 Qa1+ 47. Kc4 Qa2+ 48. Kd4 Qxa4 49. c6 Qxb4+ 50. Kd5 Qf4 51. Rd4 Qc7 52. Rd1 a5 53. Rb1 a4 54. Rb7 Qa5+ 55. Kd6 Qd2+ 56. Bd5 Qh6+ 57. Kc7 Qg5 58. Kd6 Qh6+ 59. Kc5 Qe3+ 60. Kb5 Qd4 61. Nb6 Qb2+ 62. Kxa4 Qa1+ 63. Kb5 Qb2+ 64. Kc5 Qa3+ 65. Kd4 Qb2+ 66. Kc5 Qa3+ 67. Kb5 Qb2+ 68. Ka6 Qa3+ 69. Na4 Qxa4+ 70. Kb6 Qb4+ 71. Kc7 Qe7+ 72. Kb6 Qb4+ 73. Kc7 Qe7+ 1/2-1/2

[Event "EYCC Girls-U14 2019"]
[Site "Bratislava"]
[Date "2019.08.04"]
[Round "3.6"]
[White "Obrochta, Lena"]
[Black "Lhotska, Anna"]
[Result "0-1"]
[ECO "B45"]
[WhiteElo "1598"]
[BlackElo "1922"]
[Annotator "NA"]
[PlyCount "120"]
[EventDate "2019.08.02"]
[EventType "swiss"]
[EventCountry "SVK"]
[SourceTitle "playchess.com"]
[Source "ChessBase"]
[SourceQuality "1"]
[TimeControl "40/5400+30:1800+30"]

1. e4 c5 2. Nf3 e6 3. d4 cxd4 4. Nxd4 Nc6 5. Nc3 Nf6 6. a3 d6 7. Be2 Be7 8. O-O O-O 9. Kh1 a6 10. f4 Qc7 11. Be3 Bd7 12. Nb3 b5 13. Bd3 b4 14. axb4 Nxb4 15. Rf3 a5 16. Nd4 Nxd3 17. Qxd3 Rfb8 18. b3 Rc8 19. Bd2 Bf8 20. Raf1 a4 21. bxa4 Bxa4 22. Rh3 Qc4 23. Rhf3 Qxd3 24. cxd3 Be8 25. f5 e5 26. Nde2 Rab8 27. Bg5 Nd7 28. f6 g6 29. Nd5 h6 30. Bc1 Rc2 31. Nec3 Rc8 32. Bxh6 R8xc3 33. Bxf8 Nxf8 34. Rh3 Nh7 35. Nxc3 Rxc3 36. Rhf3 Bb5 37. Rd1 Ng5 38. Rg3 Ne6 39. Kg1 Nf4 40. Re3 Rxd3 41. Rexd3 Nxd3 42. g3 Bc4 43. Kg2 d5 44. exd5 Bxd5+ 45. Kf1 Bc4 46. Rd2 Nc5+ 47. Kg2 Ne4 48. Rc2 Bd5 49. Rc8+ Kh7 50. Rd8 Nxf6+ 51. Kf1 Be6 52. Ke2 Kh6 53. Rh8+ Kg7 54. Rd8 Bf5 55. Rd6 Be6 56. Rd8 Ng4 57. h3 Nf6 58. g4 Nd5 59. Kf2 Nf4 60. Kg3 Nd5 0-1

[Event "EYCC Girls-U14 2019"]
[Site "Bratislava"]
[Date "2019.08.04"]
[Round "3.7"]
[White "Anacoglu, Cisel"]
[Black "Pipiras, Filipa Fortuna"]
[Result "1-0"]
[ECO "C97"]
[WhiteElo "1869"]
[BlackElo "1980"]
[Annotator "NA"]
[PlyCount "115"]
[EventDate "2019.08.02"]
[EventType "swiss"]
[EventCountry "SVK"]
[SourceTitle "playchess.com"]
[Source "ChessBase"]
[SourceQuality "1"]
[TimeControl "40/5400+30:1800+30"]

1. e4 e5 2. Nf3 Nc6 3. Bb5 a6 4. Ba4 Nf6 5. O-O Be7 6. Re1 b5 7. Bb3 d6 8. c3 O-O 9. h3 Na5 10. Bc2 c5 11. d4 Qc7 12. d5 Nd7 13. b3 Nb6 14. Nbd2 Bd7 15. Nf1 Nb7 16. Be3 c4 17. b4 a5 18. a3 Ra6 19. Qe2 Rfa8 20. Bc1 axb4 21. cxb4 Nd8 22. g4 f6 23. Ng3 Nf7 24. Kh2 Kh8 25. Kg2 Kg8 26. Nh2 Qc8 27. Qe3 Qc7 28. f4 Bf8 29. f5 g6 30. Qf3 g5 31. Nh5 Qd8 32. h4 h6 33. Qh3 Be8 34. Nf3 R8a7 35. Rh1 Nd7 36. Nxf6+ Nxf6 37. hxg5 hxg5 38. Bxg5 Bg7 39. Be3 Rb7 40. g5 Kf8 41. gxf6 Qxf6 42. Kf2 Ra8 43. Rhg1 Bh6 44. Rg6 Bxe3+ 45. Kxe3 Qh8 46. Qxh8+ Nxh8 47. Rxd6 Nf7 48. Rf6 Kg7 49. Re6 Bd7 50. Rg6+ Kf8 51. f6 Rba7 52. Rag1 Nh8 53. Rg8+ Kf7 54. Nxe5+ Kxf6 55. Nxd7+ Ke7 56. R1g7+ Kd6 57. e5+ Kxd5 58. Be4+ 1-0

[Event "EYCC Girls-U14 2019"]
[Site "Bratislava"]
[Date "2019.08.04"]
[Round "3.8"]
[White "Kirchei, Viktoriia"]
[Black "Hrebenshchykova, Yelyzaveta"]
[Result "1/2-1/2"]
[ECO "A00"]
[WhiteElo "2006"]
[BlackElo "1955"]
[Annotator "NA"]
[PlyCount "139"]
[EventDate "2019.08.02"]
[EventType "swiss"]
[EventCountry "SVK"]
[SourceTitle "playchess.com"]
[Source "ChessBase"]
[SourceQuality "1"]
[TimeControl "40/5400+30:1800+30"]

1. g3 Nf6 2. Bg2 c5 3. d3 d5 4. Nd2 Nc6 5. e4 e6 6. Ngf3 g6 7. O-O Bg7 8. Re1 O-O 9. c3 Qc7 10. e5 Nd7 11. d4 cxd4 12. cxd4 f6 13. exf6 Nxf6 14. Nb3 Ne4 15. Be3 a5 16. Rc1 Qb6 17. Ne5 a4 18. Nxc6 bxc6 19. Nd2 Nd6 20. Qc2 Nf5 21. Qxc6 Qxc6 22. Rxc6 Nxd4 23. Rc7 Nf5 24. Bc5 Rf7 25. Rxf7 Kxf7 26. Nf3 Bxb2 27. Ng5+ Kg7 28. g4 Nh4 29. Bxd5 Ra5 30. Rxe6 Bxe6 31. Nxe6+ Kf6 32. Kf1 Ke5 33. Bc4 Nf3 34. Bb4 Ra8 35. Kg2 Nd4 36. f4+ Kf6 37. g5+ Kf5 38. Kg3 Ke4 39. Nc5+ Ke3 40. Nd3 Ne2+ 41. Kg4 Bc3 42. Ba3 Rd8 43. Bc5+ Bd4 44. Be7 Re8 45. Ba3 Rc8 46. Ba6 Rb8 47. Nb4 Nc3 48. h4 Rb6 49. Bc4 Kd2 50. h5 Nd1 51. Nd5 Rc6 52. Bb5 Rc2 53. Bb4+ Kc1 54. hxg6 hxg6 55. a3 Rg2+ 56. Kf3 Rh2 57. Bxa4 Nf2 58. Be8 Rh3+ 59. Kg2 Rh4 60. Bxg6 Kd1 61. Bf5 Ke2 62. g6 Nd3 63. Bxd3+ Kxd3 64. Kf3 Rh1 65. Bf8 Rf1+ 66. Kg2 Rg1+ 67. Kh3 Ke4 68. Ne7 Kf3 69. Kh2 Rg2+ 70. Kh1 1/2-1/2

[Event "EYCC Girls-U14 2019"]
[Site "Bratislava"]
[Date "2019.08.04"]
[Round "3.9"]
[White "Toncheva, Nadya"]
[Black "Tsotsonava, Elene"]
[Result "1-0"]
[ECO "D20"]
[WhiteElo "2087"]
[BlackElo "1878"]
[Annotator "NA"]
[PlyCount "67"]
[EventDate "2019.08.02"]
[EventType "swiss"]
[EventCountry "SVK"]
[SourceTitle "playchess.com"]
[Source "ChessBase"]
[SourceQuality "1"]
[TimeControl "40/5400+30:1800+30"]

1. d4 d5 2. c4 dxc4 3. e3 c5 4. Bxc4 cxd4 5. exd4 Nf6 6. Nf3 e6 7. O-O Be7 8. Nc3 O-O 9. Re1 Nc6 10. a3 b6 11. Be3 Bb7 12. Ba2 Rc8 13. Qd3 Na5 14. Ne5 Nd5 15. Rad1 Nxc3 16. bxc3 Qc7 17. Bd2 Bd5 18. Bxd5 exd5 19. Qf3 Bxa3 20. Qxd5 Nc4 21. Nxc4 Qxc4 22. Qxc4 Rxc4 23. Ra1 Bb2 24. Ra2 Bxc3 25. Rc1 Rd8 26. Rxc3 Rcxd4 27. h3 b5 28. Be3 Rd1+ 29. Kh2 b4 30. Rb3 R1d3 31. Rxb4 R3d7 32. Rxa7 Rxa7 33. Bxa7 h5 34. Rb8 1-0

[Event "EYCC Girls-U14 2019"]
[Site "Bratislava"]
[Date "2019.08.04"]
[Round "3.10"]
[White "Bondareva, Daria"]
[Black "Alekseenko, Mariya"]
[Result "1-0"]
[ECO "A43"]
[WhiteElo "1998"]
[BlackElo "1848"]
[Annotator "NA"]
[PlyCount "63"]
[EventDate "2019.08.02"]
[EventType "swiss"]
[EventCountry "SVK"]
[SourceTitle "playchess.com"]
[Source "ChessBase"]
[SourceQuality "1"]
[TimeControl "40/5400+30:1800+30"]

1. d4 c5 2. dxc5 e6 3. e4 Bxc5 4. Bd3 Nc6 5. Nf3 Qc7 6. c3 Nf6 7. Qe2 a6 8. O-O Be7 9. Nbd2 d6 10. Nb3 O-O 11. Nbd4 Ne5 12. Nxe5 dxe5 13. Nb3 Bd7 14. Be3 Bc6 15. f3 Rfd8 16. Rfd1 b5 17. Qf2 Nd7 18. Rac1 a5 19. Na1 Rac8 20. Kh1 Qb8 21. Be2 Qb7 22. Nb3 Qa8 23. Nd2 h6 24. c4 Rb8 25. cxb5 Bxb5 26. Bxb5 Rxb5 27. Nc4 Qb7 28. a4 Rb4 29. Nxa5 Qa8 30. Nc6 Nf6 31. Nxe7+ Kh7 32. Rxd8 1-0

[Event "EYCC Girls-U14 2019"]
[Site "Bratislava"]
[Date "2019.08.04"]
[Round "3.11"]
[White "Bashylina, Luisa"]
[Black "Kiousi, Panagiota"]
[Result "0-1"]
[ECO "B51"]
[WhiteElo "1989"]
[BlackElo "1895"]
[Annotator "NA"]
[PlyCount "94"]
[EventDate "2019.08.02"]
[EventType "swiss"]
[EventCountry "SVK"]
[SourceTitle "playchess.com"]
[Source "ChessBase"]
[SourceQuality "1"]
[TimeControl "40/5400+30:1800+30"]

1. e4 c5 2. Nf3 d6 3. Bb5+ Nd7 4. O-O a6 5. Bd3 b5 6. c3 c4 7. Bc2 Ngf6 8. a4 Bb7 9. Re1 e6 10. d4 cxd3 11. Bxd3 bxa4 12. Qxa4 Be7 13. Be3 Ng4 14. Nbd2 Nxe3 15. Rxe3 O-O 16. Nb3 a5 17. Ree1 Qc7 18. Bb5 Nb6 19. Qd4 Bf6 20. Qe3 a4 21. Nbd4 Rfc8 22. Nc2 Nc4 23. Bxc4 Qxc4 24. Nfd4 Qc5 25. Na3 Qb6 26. Ndb5 Rc5 27. Qe2 Re5 28. Qd3 d5 29. Qc2 Rxe4 30. Rxe4 dxe4 31. Re1 Qc5 32. Qd2 Rd8 33. Qc2 Bg5 34. Nd4 e5 35. Ne2 Qc6 36. Nb1 Ba6 37. b4 e3 38. f3 Rd2 39. Nxd2 exd2 40. Rd1 Bxe2 41. Rxd2 Bxd2 42. Qxd2 Qb6+ 43. Kh1 Bb5 44. Qd5 Qc6 45. Qxe5 Qe8 46. Qg3 a3 47. Qf2 Qe2 0-1

[Event "EYCC Girls-U14 2019"]
[Site "Bratislava"]
[Date "2019.08.04"]
[Round "3.12"]
[White "Toth, Nikoletta"]
[Black "Batagan, Ilinca-Petra"]
[Result "1/2-1/2"]
[ECO "D00"]
[WhiteElo "2023"]
[BlackElo "1767"]
[Annotator "NA"]
[PlyCount "91"]
[EventDate "2019.08.02"]
[EventType "swiss"]
[EventCountry "SVK"]
[SourceTitle "playchess.com"]
[Source "ChessBase"]
[SourceQuality "1"]
[TimeControl "40/5400+30:1800+30"]

1. d4 d5 2. Bf4 Nf6 3. e3 e6 4. Nf3 Be7 5. Nbd2 c5 6. c3 Nc6 7. Ne5 O-O 8. Bd3 Bd6 9. Bg3 Bxe5 10. dxe5 Nd7 11. O-O g6 12. f4 c4 13. Bc2 Qb6 14. Rb1 f6 15. Qe2 Nc5 16. Nf3 f5 17. Bh4 Bd7 18. Nd4 Nxd4 19. exd4 Ne4 20. Bxe4 dxe4 21. Be7 Rf7 22. Bc5 Qc6 23. Qe3 Qa4 24. a3 Qc2 25. Rfc1 Qd3 26. Kf2 Ba4 27. Qxd3 cxd3 28. b3 Bc6 29. Ke3 g5 30. g3 gxf4+ 31. gxf4 Rg7 32. Rg1 Rxg1 33. Rxg1+ Kf7 34. Rg3 a6 35. Bb6 Rg8 36. Rxg8 Kxg8 37. c4 Kf7 38. a4 Kg6 39. h3 Kh5 40. Bd8 Kg6 41. a5 Kf7 42. Bh4 Ke8 43. Kd2 Kd7 44. Ke3 Ke8 45. Kd2 Kd7 46. Ke3 1/2-1/2

[Event "EYCC Girls-U14 2019"]
[Site "Bratislava"]
[Date "2019.08.04"]
[Round "3.13"]
[White "Sumarriva Paulin, Laura"]
[Black "Sosovickova, Jana"]
[Result "1-0"]
[ECO "A40"]
[WhiteElo "1861"]
[BlackElo "1749"]
[Annotator "NA"]
[PlyCount "81"]
[EventDate "2019.08.02"]
[EventType "swiss"]
[EventCountry "SVK"]
[SourceTitle "playchess.com"]
[Source "ChessBase"]
[SourceQuality "1"]
[TimeControl "40/5400+30:1800+30"]

1. d4 g6 2. c4 Bg7 3. Nc3 c5 4. d5 Bxc3+ 5. bxc3 Qa5 6. Qc2 f5 7. Nf3 d6 8. h3 Nf6 9. Bh6 Ne4 10. Rc1 Nd7 11. e3 Nb6 12. Bd3 Na4 13. Bxe4 fxe4 14. Nd2 Bd7 15. g4 Rg8 16. Nxe4 Nb6 17. Nd2 Qa6 18. Qd3 Qxa2 19. O-O Qa5 20. f4 Na4 21. e4 O-O-O 22. f5 Qc7 23. f6 exf6 24. Rxf6 Be8 25. Bf4 Rg7 26. Qg3 Rgd7 27. e5 dxe5 28. Bxe5 Rd6 29. Rxd6 Rxd6 30. Bxd6 Qa5 31. Qe5 Qd8 32. Ne4 Nb2 33. Qe6+ Bd7 34. Qe7 Qxe7 35. Bxe7 b6 36. Nd6+ Kb8 37. Bf6 Nd3 38. Rd1 Nf4 39. Kh2 h5 40. Be5 g5 41. Bxf4 1-0

[Event "EYCC Girls-U14 2019"]
[Site "Bratislava"]
[Date "2019.08.04"]
[Round "3.14"]
[White "Nagyova, Daniela"]
[Black "Hakobyan, Astghik"]
[Result "0-1"]
[ECO "C19"]
[WhiteElo "1316"]
[BlackElo "1863"]
[Annotator "NA"]
[PlyCount "62"]
[EventDate "2019.08.02"]
[EventType "swiss"]
[EventCountry "SVK"]
[SourceTitle "playchess.com"]
[Source "ChessBase"]
[SourceQuality "1"]
[TimeControl "40/5400+30:1800+30"]

1. e4 e6 2. d4 d5 3. Nc3 Bb4 4. e5 c5 5. a3 Bxc3+ 6. bxc3 Ne7 7. Nf3 Qc7 8. a4 Bd7 9. Ba3 cxd4 10. Qxd4 Nbc6 11. Qe3 Nf5 12. Qf4 Ncd4 13. Kd2 Rc8 14. Bb2 Nxf3+ 15. gxf3 Qb6 16. Kc1 Qxf2 17. Kb1 d4 18. c4 Qe1+ 19. Ka2 Qb4 20. Bd3 Bxa4 21. Ba3 Qc3 22. Rac1 Rc6 23. Bxf5 Qxc4+ 24. Ka1 Qc3+ 25. Ka2 Bb5 26. Bd3 Bc4+ 27. Bxc4 Qxc4+ 28. Ka1 Qc3+ 29. Ka2 Ra6 30. Kb1 Rxa3 31. Rce1 Ra1# 0-1

[Event "EYCC Girls-U14 2019"]
[Site "Bratislava"]
[Date "2019.08.04"]
[Round "3.15"]
[White "Zeliantsova, Kseniya"]
[Black "Barwinska, Ewa"]
[Result "1-0"]
[ECO "B51"]
[WhiteElo "1907"]
[BlackElo "1758"]
[Annotator "NA"]
[PlyCount "75"]
[EventDate "2019.08.02"]
[EventType "swiss"]
[EventCountry "SVK"]
[SourceTitle "playchess.com"]
[Source "ChessBase"]
[SourceQuality "1"]
[TimeControl "40/5400+30:1800+30"]

1. e4 c5 2. Nf3 d6 3. Bb5+ Nd7 4. c3 Ngf6 5. Qe2 a6 6. Ba4 b5 7. Bc2 Bb7 8. O-O Qc7 9. d4 cxd4 10. cxd4 e5 11. Nc3 Rc8 12. Bb3 Be7 13. Bg5 O-O 14. Rac1 Qb6 15. Rfd1 h6 16. Bh4 Rfd8 17. Bg3 Nh5 18. dxe5 Nxg3 19. hxg3 Nxe5 20. Nd4 Bf6 21. Nf5 Bg5 22. Rb1 Nc4 23. Kh1 Kh7 24. f4 Bf6 25. Qh5 Bxc3 26. bxc3 Bxe4 27. Nxh6 Bg6 28. Qh3 gxh6 29. f5 Qc5 30. fxg6+ fxg6 31. Rd4 d5 32. Rf1 Rc7 33. Bc2 Rf8 34. Re1 Rcf7 35. Kh2 Qc8 36. Qh5 Qc6 37. Rh4 Rf6 38. Qxh6+ 1-0

[Event "EYCC Girls-U14 2019"]
[Site "Bratislava"]
[Date "2019.08.04"]
[Round "3.16"]
[White "Karavitaki, Evaggelia"]
[Black "Mironenko, Galina"]
[Result "1/2-1/2"]
[ECO "B31"]
[WhiteElo "1681"]
[BlackElo "1995"]
[Annotator "NA"]
[PlyCount "100"]
[EventDate "2019.08.02"]
[EventType "swiss"]
[EventCountry "SVK"]
[SourceTitle "playchess.com"]
[Source "ChessBase"]
[SourceQuality "1"]
[TimeControl "40/5400+30:1800+30"]

1. e4 c5 2. Nf3 Nc6 3. Bb5 g6 4. O-O Bg7 5. Re1 e5 6. Bxc6 dxc6 7. d3 Qe7 8. Nbd2 Nh6 9. Nc4 f6 10. h3 O-O 11. Be3 Nf7 12. Qe2 Be6 13. Rad1 Rad8 14. c3 Rfe8 15. d4 cxd4 16. cxd4 Qb4 17. b3 exd4 18. Bxd4 b5 19. Nb2 Qe7 20. Qc2 Rc8 21. Nd3 g5 22. Bc5 Qc7 23. Nd4 a5 24. Nf5 h5 25. Qb2 Bxf5 26. exf5 Nh6 27. Bd4 Qf7 28. Nc5 Nxf5 29. Ne4 Re6 30. Nc5 Rxe1+ 31. Rxe1 Rd8 32. Bc3 b4 33. Bd2 Qd5 34. Ne4 Nd4 35. Kh1 f5 36. Nxg5 Nf3 37. Qc2 Nxe1 38. Bxe1 Qd1 39. Qc4+ Qd5 40. Qe2 h4 41. Qh5 Qd7 42. Qh7+ Kf8 43. Qg6 Qe7 44. Ne6+ Kg8 45. Nxd8 Qxe1+ 46. Kh2 Qe5+ 47. Kg1 Qa1+ 48. Kh2 Qe5+ 49. Kg1 Qe1+ 50. Kh2 Qe5+ 1/2-1/2